 Dungeon Crawl Stone Soup version 0.17-a0-1450-g7e755d1 (webtiles) character file.

8895 pulse the Cleaver (level 11, -16/87 HPs)
             Began as a Formicid Berserker on June 30, 2015.
             Was the Champion of Trog.
             Demolished by Snorg (18 damage)
             ... on level 10 of the Dungeon.
             The game lasted 00:39:52 (14020 turns).

pulse the Cleaver (Formicid Berserker)             Turns: 14020, Time: 00:39:52

Health: -16/87     AC: 20    Str: 25    XL:     11   Next: 64%
Magic:  11/11      EV:  8    Int: 13    God:    Trog [******]
Gold:   284        SH:  0    Dex: 10    Spells: 0 memorised, 10 levels left

rFire  . . .     SeeInvis +     e - +1 war axe
rCold  . . .     Clarity  .     u - +0 plate armour
rNeg   . . .     SustAt   .     (no shield)
rPois  .         Gourm    .     (helmet unavailable)
rElec  .         Spirit   .     y - +2 cloak
rCorr  .         Warding  .     (no gloves)
rMut   .         Stasis   +     t - +2 pair of boots {run}
MR     ++++.                    (no amulet)
Stlth  ..........               k - +3 ring of slaying
                                r - ring "Beliudol" {MR+ Int+6}

@: regenerating, invisible, quick, incredibly resistant to hostile enchantments,
extremely unstealthy
A: permanent stasis, dig shafts and tunnels, four strong arms, antennae 3
a: Dig, Shaft Self, Burn Spellbooks, Trog's Hand, Brothers in Arms, Renounce
Religion


You were on level 10 of the Dungeon.
You worshipped Trog.
Trog was exalted by your worship.
You were not hungry.

You visited 1 branch of the dungeon, and saw 10 of its levels.
You also visited: Ossuary.

You collected 819 gold pieces.
You spent 535 gold pieces at shops.

Inventory:

Hand weapons
 e - a +1 war axe (weapon)
 B - a +0 battleaxe
Armour
 t - a +2 pair of boots of running (worn)
 u - a +0 plate armour (worn)
 y - a +2 cloak (worn)
Jewellery
 f - an uncursed ring of protection from cold
 k - a +3 ring of slaying (right hand)
 l - an uncursed ring of flight
 p - an uncursed ring of protection from fire
 r - the ring "Beliudol" (left hand) {MR+ Int+6}
   (You bought it in a shop on level 5 of the Dungeon)

   [ring of protection from magic]

   It affects your intelligence (+6).
   It affects your resistance to hostile enchantments.
Magical devices
 a - a wand of digging (18)
 h - a wand of frost (24)
 q - a wand of flame (13)
 v - a wand of enslavement (17)
 D - a wand of digging (10)
 H - a wand of enslavement (11)
Scrolls
 b - a scroll of enchant armour
 d - 2 scrolls of magic mapping
 j - 5 scrolls of identify
 n - a scroll of fear {unknown}
 w - a scroll of amnesia
 x - 4 scrolls of remove curse
 A - a scroll of torment {unknown}
 E - a scroll of fog {unknown}
Potions
 g - 3 potions of lignification
 i - a potion of flight
 m - a potion of curing
 z - a potion of resistance
 C - a potion of invisibility
 G - a potion of experience {unknown}
Comestibles
 c - 2 bread rations
 o - 2 beef jerkies
 s - 5 fruits
 F - 10 royal jellies
 I - 2 chunks of flesh


   Skills:
 + Level 8.8 Fighting
 * Level 13.7 Axes
 + Level 8.2 Armour
 - Level 2.0 Dodging
 + Level 0.2 Evocations


You had 10 spell levels left.
You didn't know any spells.

Dungeon Overview and Level Annotations

Branches:
Dungeon (10/15)            Temple (0/1) D:4            Lair (0/8) D:8
    Orc (0/4) D:9

Altars:
Ashenzari
Cheibriados
Dithmenos
Elyvilon
Fedhas
Gozag
Makhleb
Okawaru
Qazlal
Ru
Sif Muna
Trog
Yredelemnul
Beogh

Shops:
D:5 =   D:8 :

Annotations:
D:10 Snorg


Innate Abilities, Weirdness & Mutations

You are under a permanent stasis effect.
You can dig through walls and to a lower floor.
Your four strong arms can wield two-handed weapons with a shield.
You have a pair of large antennae on your head (SInv).


Message History

Snorg bites you. Snorg barely misses you. Snorg claws you. Snorg bites you!
Snorg claws you. Snorg claws you! Snorg bites you!
Snorg claws you but does no damage. Snorg claws you!
* * * LOW HITPOINT WARNING * * *
Snorg barely misses you. x2
Snorg claws you but does no damage.
Use which ability? (? or * to list)
Your skin crawls.
You feel resistant to hostile enchantments.
You feel slightly more hungry. Snorg bites you!
* * * LOW HITPOINT WARNING * * *
Snorg claws you.
* * * LOW HITPOINT WARNING * * *
Snorg claws you but does no damage.
Drink which item? (? for menu, Esc to quit)
You fade into invisibility!
Snorg bites you!
* * * LOW HITPOINT WARNING * * *
Snorg barely misses you. Snorg claws you but does no damage. Snorg bites you!!
You die...

########.#< ######### #.#.
######........ #...
#.†................
##÷###........###..
#.#........... ...
#.#.#........####.
#.#.#........# #.
#@#.#........# # #
#########T#.#........# # #.
#.........#.#........# #
#.####.#######.#.#........###
...##.# ###.#..........#
#.##.# #..........### #....#
#............. .......#.#
#........(.### ...###.###
#...........#


You could see Snorg (berserk).

Vanquished Creatures
  Sonja (D:10)
  2 hill giants
  Sigmund (D:4)
  8 yaks
  A hungry ghost (D:9)
  A steam dragon (D:8)
  A hippogriff (D:10)
  7 orc warriors
  3 black bears
  The ghost of Xoff the Skirmisher, an average MiFi (D:3)
  A phantom (D:8)
  An ice beast (D:9)
  5 sky beasts
  5 centaurs
  5 ogres
  A crocodile (D:7)
  3 giant frogs
  2 big kobolds
  4 elf zombies (Ossuary)
  A wyvern zombie (D:7)
  A wyvern skeleton (D:5)
  4 scorpions
  9 jellies
  6 crimson imps
  3 hounds
  2 giant frog zombies
  3 human zombies (Ossuary)
  A centaur skeleton (D:4)
  A giant frog skeleton (D:6)
  A quasit (D:10)
  2 iguanas
  11 orc wizards
  Jessica (D:3)
  10 orc priests
  Natasha (thrice) (D:2)
  6 worker ants
  2 big kobold zombies (Ossuary)
  4 mummies
  2 hound zombies
  8 adders
  5 shadow imps
  2 adder zombies
  8 oozes
  2 adder skeletons
  2 worms (D:4)
  5 giant geckos
  80 orcs
  3 ball pythons
  A bat skeleton (D:4)
  A giant cockroach (D:4)
  A gnoll zombie (Ossuary)
  18 hobgoblins
  3 jackals
  25 kobolds
  6 quokkas
  17 bats
  8 giant newts
  16 goblins
  6 goblin zombies
  A jackal skeleton (D:6)
  4 jackal zombies (Ossuary)
  3 kobold zombies (Ossuary)
  2 orc zombies
  A quokka skeleton (D:6)
  3 quokka zombies (Ossuary)
  25 rats
  5 rat zombies (Ossuary)
387 creatures vanquished.

Notes
Turn   | Place    | Note
--------------------------------------------------------------
     0 | D:1      | pulse the Formicid Berserker began the quest for the Orb.
     0 | D:1      | Reached XP level 1. HP: 18/18 MP: 1/1
   268 | D:1      | Reached XP level 2. HP: 24/24 MP: 2/2
   545 | D:1      | Acquired Trog's second power
   637 | D:1      | Reached XP level 3. HP: 20/30 MP: 3/3
  1163 | D:2      | Found a burning altar of Makhleb.
  1173 | D:2      | Reached skill level 4 in Fighting
  1173 | D:2      | Reached XP level 4. HP: 25/37 MP: 4/4
  1391 | D:2      | Found a basalt altar of Yredelemnul.
  1396 | D:2      | Found a shattered altar of Ashenzari.
  1396 | D:2      | Found a shadowy altar of Dithmenos.
  1737 | D:2      | Noticed Natasha
  1743 | D:2      | Killed Natasha
  1743 | D:2      | Reached XP level 5. HP: 22/42 MP: 5/5
  1976 | D:2      | Found a white marble altar of Elyvilon.
  2075 | D:2      | Noticed Natasha
  2081 | D:2      | Killed Natasha
  2187 | D:2      | Noticed Natasha
  2193 | D:2      | Killed Natasha
  2374 | D:3      | Identified a +1 pair of boots of running (You found it on level 3 of the Dungeon)
  2531 | D:3      | Noticed Jessica
  2535 | D:3      | Killed Jessica
  2700 | D:3      | Reached XP level 6. HP: 13/49 MP: 6/6
  2702 | D:3      | Reached skill level 5 in Axes
  2962 | D:3      | Noticed Xoff's ghost (average MiFi)
  3720 | D:3      | Killed Xoff's ghost
  4004 | D:3      | Reached XP level 7. HP: 51/55 MP: 7/7
  4106 | D:3      | Found a sacrificial altar of Ru.
  4106 | D:3      | Found a bloodstained altar of Trog.
  4463 | D:4      | Reached skill level 6 in Axes
  4501 | D:4      | Found a sand-covered staircase.
  4544 | Ossuary  | Entered an ossuary
  4713 | Ossuary  | Reached skill level 5 in Fighting
  4867 | Ossuary  | Reached XP level 8. HP: 48/62 MP: 8/8
  5006 | Ossuary  | Reached skill level 7 in Axes
  5776 | D:4      | Found a staircase to the Ecumenical Temple.
  5883 | D:4      | Found an iron altar of Okawaru.
  5893 | D:4      | Noticed Sigmund
  5905 | D:4      | Killed Sigmund
  5905 | D:4      | Reached skill level 8 in Axes
  5905 | D:4      | Reached skill level 5 in Armour
  6237 | D:5      | Entered Level 5 of the Dungeon
  6322 | D:5      | Reached XP level 9. HP: 44/69 MP: 9/9
  6429 | D:5      | Acquired Trog's third power
  6459 | D:5      | Reached skill level 9 in Axes
  6588 | D:5      | Found Sazoasm's Jewellery Shop.
  7581 | D:6      | Found an opulent altar of Gozag.
  7666 | D:6      | Reached skill level 10 in Axes
  8031 | D:6      | Found a deep blue altar of Sif Muna.
  8213 | D:5      | Bought the ring "Beliudol" {MR+ Int+6} for 535 gold pieces
  8396 | D:7      | Reached XP level 10. HP: 51/79 MP: 10/10
  9214 | D:7      | Reached skill level 11 in Axes
  9499 | D:7      | Found a snail-covered altar of Cheibriados.
  9537 | D:8      | Found Fuira's Book Shop.
  9982 | D:8      | Noticed a hill giant
 10305 | D:7      | Killed a hill giant
 10391 | D:8      | Reached skill level 12 in Axes
 10694 | D:8      | Noticed a hill giant
 10732 | D:8      | Killed a hill giant
 11032 | D:8      | Reached XP level 11. HP: 86/86 MP: 11/11
 11187 | D:8      | Found a staircase to the Lair.
 11245 | D:8      | Received a gift from Trog
 11560 | D:9      | Found a roughly hewn altar of Beogh.
 11832 | D:8      | Reached skill level 13 in Axes
 12563 | D:9      | Found a staircase to the Orcish Mines.
 12641 | D:9      | Found a stormy altar of Qazlal.
 13126 | D:9      | Found a shadowy altar of Dithmenos.
 13162 | D:9      | Found a blossoming altar of Fedhas.
 13367 | D:10     | Entered Level 10 of the Dungeon
 13423 | D:10     | Noticed Sonja
 13444 | D:10     | Killed Sonja
 13998 | D:10     | Noticed Snorg
 14020 | D:10     | HP: 2/87 [Snorg (12)]
 14020 | D:10     | Demolished by Snorg

Vault maps used:
D:1:      onia_arrival_handbag
D:2:      nicolae_overflow_hidden_temple, makhleb_heckhound_becter,
          grunt_temple_overflow_open, first_bread, uniq_natasha
D:3:      gammafunk_temple_overflow_statue, uniq_jessica
D:4:      okawaru_ov_weapons_minmay, minmay_temple_entry_statues,
          nicolae_ossuary_entry_giza, minmay_misc_feat_pillars, uniq_sigmund
D:5:      serial_shops, nicolae_shop_trees
D:6:      nicolae_overflow_crystal_walls, lemuel_blue_sif_altar
D:7:      kennysheep_mini
D:8:      wad_arrow_thing, lair_0_dummy, serial_shops, shop, uniq_pikel
D:9:      grunt_temple_overflow_forces_of_nature, david_orc_5, basic_altar,
          hangedman_little_slice_of_home
D:10:     uniq_snorg, uniq_sonja, uniq_joseph
Ossuary:  minmay_ossuary_two_tombs

Action                   |  1- 3 |  4- 6 |  7- 9 | 10-12 || total
-------------------------+-------+-------+-------+-------++-------
Melee: Hand axe          |   100 |       |       |       ||   100
       War axe           |     9 |   123 |   450 |   543 ||  1125
Invok: Trog's Hand       |       |     2 |     1 |     1 ||     4
       Burn Spellbooks   |       |       |     1 |       ||     1
Evoke: Wand              |       |     2 |       |     4 ||     6
  Use: Scroll            |       |     4 |     8 |     7 ||    19
       Potion            |       |     5 |     4 |     5 ||    14
  Eat: Chunk             |     1 |     6 |     3 |    15 ||    25
       Meat ration       |       |     1 |     1 |       ||     2
       Beef jerky        |       |     1 |       |       ||     1
       Fruit             |       |       |     2 |     4 ||     6
